 Dungeon Crawl Stone Soup version 0.31-a0-473-g61b50ae490 (webtiles) character file.

Game seed: 12602985917314810493

198 LeprechaunX the Ruffian (level 5, -17/35 HPs)
             Began as an Octopode Shapeshifter on Aug 7, 2023.
             Was an Initiate of Gozag.
             Demolished by an ogre
             ... wielding a +0 giant club
              (25 damage)
             ... on level 3 of the Dungeon.
             The game lasted 00:03:15 (2012 turns).

LeprechaunX the Ruffian (Octopode Shapeshifter)     Turns: 2012, Time: 00:03:15

Health: -17/35     AC:  1    Str: 17    XL:     5   Next: 77%
Magic:  5/5        EV: 13    Int: 10    God:    Gozag
Gold:   174        SH:  0    Dex: 12    Spells: 4/4 levels left

rFire   . .          .
                       - Unarmed
rCold   . . .        (no shield)
rNeg    . . .        (helmet currently unavailable)
rPois   .            (no amulet)
rElec   .            (no ring)
rCorr   .            (no ring)
SInv    .            (no ring)
Will    .....        (no ring)
Stlth   ++           (no ring)
HPRegen 0.25/turn    (no ring)
MPRegen 0.09/turn    (no ring)
                     (no ring)

%: no passive effects
@: beast-form, gold aura
A: beast (slay +2), almost no armour, amphibious, 8 rings, camouflage 1,
gelatinous body 1, (nimble swimmer 1), tentacles
a: Begin Untransformation, Renounce Religion, Potion Petition, Call Merchant,
Bribe Branch


You were on level 3 of the Dungeon.
You worshipped Gozag.
Gozag was aware of your devotion.
You were a hulking beast.
You visited 1 branch of the dungeon, and saw 3 of its levels.
You also visited: Sewer.

You collected 204 gold pieces.
You paid 30 gold pieces to Gozag.

Inventory:

Hand Weapons
 a - a +0 sling
Talismans
 b - a beast talisman (active)
Scrolls
 c - 5 scrolls of teleportation {unknown}
 e - a scroll of revelation {unknown}
 i - a scroll of fog {unknown}
 k - a scroll of identify {unknown}
 l - a scroll of enchant weapon {unknown}
 m - a scroll of brand weapon {unknown}
Potions
 d - a potion of haste {unknown}
 f - a potion of enlightenment {unknown}
 g - 2 potions of brilliance {unknown}
 h - a potion of cancellation {unknown}
 j - 2 potions of curing {unknown}


   Skills:
 + Level 2.7 Fighting
 + Level 3.2 Dodging
 + Level 4.0 Unarmed Combat
 + Level 3.8 Shapeshifting


You had 4 spell levels left.
You didn't know any spells.
Your spell library contained the following spells:

 Spells                   Type           Power      Damage    Failure   Level
 Magic Dart               Conj           0%         1d3       36%         1
 Searing Ray              Conj           0%         2d4       50%         2
 Fulminant Prism          Conj/Hex       0%         3d5       98%         4


Dungeon Overview and Level Annotations

Branches:
Dungeon (3/15)              Sewer (visited)

Altars:
Gozag


Innate Abilities, Weirdness & Mutations

You are a hulking beast.
Your limbs bulge with bestial killing power. (Slay +2)
You cannot wear most types of armour.
You are amphibious.
You can wear up to eight rings at the same time.
Your skin changes colour to match your surroundings (Stealth+).
Your rubbery body absorbs attacks. (AC +1, EV +1)
((You are camouflaged when in or above water. (Stealth+)))
You have tentacles for arms and can constrict up to eight enemies at once.


Message History

Found 6 stones.
Key pressed, stopping explore.
An endoplasm comes into view.
Found a sedimented green potion.
You see here 6 gold pieces.
An ogre comes into view. It is wielding a +0 giant club.
A bat comes into view.
A jackal comes into view.
You barely miss the endoplasm. The endoplasm freezes you.
You are frozen.
You tentacle-slap the endoplasm.
The endoplasm is severely wounded.
The endoplasm freezes you.
You are frozen.
You tentacle-slap the endoplasm.
You kill the endoplasm!
The ogre hits you with a +0 giant club!!
Ouch! That really hurt!
* * * LOW HITPOINT WARNING * * *
You are too injured to fight recklessly!
You are too injured to fight recklessly!
You are too injured to fight recklessly!
You are too injured to fight recklessly!
You are too injured to fight recklessly!
You are too injured to fight recklessly!
You are too injured to fight recklessly!
You are too injured to fight recklessly!
You are too injured to fight recklessly!
You are too injured to fight recklessly!
You are too injured to fight recklessly!
You are too injured to fight recklessly!
You are too injured to fight recklessly!
Unknown command.
You bludgeon the ogre!
The ogre is moderately wounded.
The ogre hits you with a +0 giant club!!
Ouch! That really hurt!
You die...
Your body crumbles into a pile of gold.

##. #.# ##.. .(. ... #
... ##.##. ... .h..#
... #O#.# #.#
##h#.####.#
#.#.$...$..# ##
..........#.## ##.#
.##.......#..###.######
#b#.##......#........
#.... ##.#.##.#.######
...... #.#.###...#
....#. .!..# #...# ...
...### #...#


You could see an ogre, a jackal and a bat.

Vanquished Creatures
  Pargi (Sewer)
  3 adders
  A river rat (D:3)
  An ufetubus (D:2)
  3 worms
  A dart slug (D:3)
  2 ball pythons (D:2)
  5 endoplasms
  3 giant cockroaches
  5 goblins
  4 hobgoblins
  5 jackals
  3 quokkas
  5 bats
  A frilled lizard (D:3)
  A kobold (D:1)
  4 rats
48 creatures vanquished.

Notes
Turn   | Place    | Note
-------+----------+-------------------------------------------
     0 | D:1      | LeprechaunX the Octopode Shapeshifter began the quest for
                  | the Orb.
     0 | D:1      | Reached XP level 1. HP: 13/13 MP: 1/1
   110 | D:1      | Reached XP level 2. HP: 16/18 MP: 2/2
   742 | D:2      | Reached XP level 3. HP: 9/23 MP: 3/3
  1256 | D:2      | Reached XP level 4. HP: 29/29 MP: 4/4
  1489 | D:3      | Found an opulent altar of Gozag.
  1505 | D:3      | Became a worshipper of Gozag Ym Sagoz the Greedy
  1643 | D:3      | Found a glowing drain.
  1670 | Sewer    | Entered a sewer
  1733 | Sewer    | Noticed Pargi
  1763 | Sewer    | Killed Pargi
  1764 | Sewer    | Reached skill level 4 in Unarmed Combat
  1764 | Sewer    | Reached XP level 5. HP: 35/35 MP: 5/5
  2004 | D:3      | Noticed an ogre
  2012 | D:3      | Demolished by an ogre

Illustrated notes

Levels and vault maps discovered:
D:1:      spicycebolla_arrival_ecumenical, layout_rooms, serial_glass,
          glass_columns_a, glass_columns_a, glass_columns_a, glass_columns_c
D:2:      layout_basic, nrook_mini_vaults, interstate_on_off,
          minmay_close_crescents
D:3:      layout_loops_cross, nicolae_gozag_cash_rules_everything_around_me,
          cheibrodos_sewer_entry_sluice, minmay_goblin_kobold_house

Skill      XL: |  1  2  3  4 |
---------------+-------------+-----
Fighting       | 2 |  2.7
Dodging        | 3 |  3.2
Unarmed Combat | 4 |  4.0
Shapeshifting  | |  3.8

Action                     |  1- 3 |  4- 6 || total
---------------------------+-------+-------++-------
  Melee: Unarmed           |    66 |    37 ||   103
         Constrict         |    16 |     9 ||    25
         Tentacles         |     8 |     3 ||    11
         Punch             |     2 |     1 ||     3
   Fire: Sling             |       |     3 ||     3
    Use: Potion            |       |     1 ||     1
   Stab: Sleeping          |     5 |     3 ||     8
 Armour: Skin              |     1 |    14 ||    15
  Dodge: Dodged            |    34 |    13 ||    47

Table legend: (Time is in decaauts)
 A = Elapsed time spent in this place.
 B = Non-inter-level travel time spent in this place.
 C = Inter-level travel time spent in this place.
 D = Time resting spent in this place.
 E = Time spent auto-exploring this place.
 F = Levels seen in this place.
 G = Mean time per level.
                   A        B        C        D        E       F      G
               +--------+--------+--------+--------+--------+-----+--------+
         Total |   2005 |   1919 |     86 |     93 |   1401 |   4 |  501.2 |
       Dungeon |   1824 |   1738 |     86 |     57 |   1346 |   3 |  608.0 |
         Sewer |    181 |    181 |      0 |     36 |     55 |   1 |  181.0 |
               +--------+--------+--------+--------+--------+-----+--------+

Top non-repeatable levels by time:
     D:2: 910 daAuts
     D:1: 575 daAuts
     D:3: 338 daAuts
   Sewer: 181 daAuts
